 Dungeon Crawl Stone Soup version 0.28.0-43-g3370ac3207 (webtiles) character file.

Game seed: 14214542323563050493

945 bnorton916 the Caller (level 8, -3/52 HPs)
             Began as a Barachi Ice Elementalist on Mar 22, 2022.
             Killed by divine providence
             ... invoked by an orc priest
              (10 damage)
             ... on level 5 of the Dungeon.
             The game lasted 00:14:24 (7939 turns).

bnorton916 the Caller (Barachi Ice Elementalist)    Turns: 7939, Time: 00:14:24

Health: -3/52      AC:  5    Str: 10    XL:     8   Next: 13%
Magic:  5/12       EV: 12    Int: 17    God:
Gold:   381        SH:  8    Dex: 13    Spells: 4/13 levels left

rFire   + . .      SeeInvis .   r - +0 mace (vorpal)
rCold   . . .      Faith    .   l - +3 buckler of the Ecumenical Temple {rElec rF+}
rNeg    . . .      Spirit   .   s - +0 leather armour
rPois   .          Reflect  .   u - +0 helmet
rElec   +          Harm     .   (no cloak)
rCorr   .          Rampage  .   w - +0 pair of gloves
Will    .....                   (no boots)
Stlth   ++........              (no amulet)
HPRegen 0.17/turn               d - ring of wizardry
MPRegen 0.13/turn               (no ring)

@: unable to hop, slow
A: amphibious, slowness 1, strong legs 1, +LOS
a: Hop


You were on level 5 of the Dungeon.
You visited 2 branches of the dungeon, and saw 6 of its levels.

You collected 381 gold pieces.

Inventory:

Hand Weapons
 b - a +0 spear
 f - a +0 dagger of holy wrath
 h - a +2 morningstar of draining
 m - a +0 dagger of speed
 r - a +0 vorpal mace (weapon)
Armour
 l - the +3 buckler of the Ecumenical Temple (worn) {rElec rF+}
   (You found it on level 2 of the Dungeon)

   rF:        It protects you from fire.
   rElec:     It insulates you from electricity.
 s - a +0 leather armour (worn)
 u - a +0 helmet (worn)
 w - a +0 pair of gloves (worn)
Jewellery
 d - a ring of wizardry (left hand)
Wands
 q - a wand of flame (16)
 y - a wand of polymorph (2)
Scrolls
 c - a scroll of fear
 i - 2 scrolls of magic mapping {unknown}
 j - a scroll of identify {unknown}
 k - a scroll of teleportation {unknown}
 n - 2 scrolls of fog {unknown}
 p - a scroll of enchant weapon {unknown}
Potions
 a - a potion of flight {unknown}
 e - a potion of heal wounds {unknown}
 g - a potion of curing {unknown}
 o - a potion of cancellation
 t - a potion of berserk rage {unknown}
 v - 2 potions of attraction {unknown}
 x - a potion of ambrosia {unknown}


   Skills:
 - Level 4.0 Armour
 - Level 5.0 Dodging
 - Level 1.7 Stealth
 - Level 4.0 Shields
 - Level 3.2 Spellcasting
 + Level 5.8 Summonings
 - Level 5.6 Ice Magic


You had 4 spell levels left.
You knew the following spells:

 Your Spells              Type           Power      Damage    Failure   Level
a - Freeze                Ice            84%        1d10      1%          1
b - Frozen Ramparts       Ice            42%        1d6       3%          3
c - Ozocubu's Armour      Ice            21%        N/A       3%          3
d - Call Imp              Summ           22%        N/A       1%          2

Your spell library contained the following spells:

 Spells                   Type           Power      Damage    Failure   Level
 Summon Small Mammal      Summ           88%        N/A       1%          1
 Call Canine Familiar     Summ           22%        N/A       3%          3
 Animate Skeleton         Necr           4%         N/A       12%         1
 Apportation              Tloc           4%         N/A       12%         1
 Magic Dart               Conj           8%         1d3       12%         1
 Conjure Flame            Conj/Fire      2%         6-21      32%         3
 Ignite Poison            Fire/Tmut/Pois 2%         N/A       32%         3
 Mephitic Cloud           Conj/Pois/Air  2%         N/A       32%         3
 Portal Projectile        Hex/Tloc       4%         N/A       32%         3
 Hailstorm                Conj/Ice       12%        3d5       34%         4
 Leda's Liquefaction      Hex/Erth       1%         N/A       71%         4
 Sticky Flame             Conj/Fire      2%         2d3       71%         4


Dungeon Overview and Level Annotations

Branches:
Dungeon (5/15)             Temple (1/1) D:4

Altars:
Ashenzari
Dithmenos
Elyvilon
Fedhas
Hepliaklqana
Makhleb
Nemelex Xobeh
Qazlal
Ru
Sif Muna
Trog
Uskayaw
Vehumet
Wu Jian
Xom
Yredelemnul
The Shining One

Shops:
D:5 *

Annotations:
D:4 Menkaure


Innate Abilities, Weirdness & Mutations

You are amphibious.
You cover ground slowly.
You can hop short distances.
You have an extended range of vision and can be seen from far away.


Message History

The orc warrior hits you but does no damage.
You hit the orc warrior but do no damage.
The orc warrior is heavily wounded.
The orc warrior hits you with a +0 short sword!
The orc priest calls down the wrath of Beogh upon you.
Beogh smites you!
* * * LOW HITPOINT WARNING * * *
You hit the orc warrior.
The orc warrior is severely wounded.
The orc warrior hits you with a +0 short sword!
* * * LOW HITPOINT WARNING * * *
The orc priest looks braver for a moment.
The orc warrior closely misses you.
Unknown command.
Okay, then.
Okay, then.
Hop to where?
Press: ? - help, Dir - move target Your icy armour will break if you move.
Continue?
Your icy armour cracks and falls away as you move.
Boing!
As you read the scroll labelled ZIESOLO CEWOVI, it crumbles to dust.
You assume a fearsome visage.
The orc warrior looks frightened!
It was a scroll of fear.
You open the door.
There is an open door here.
The orc wizard casts a spell at you.
You are confused.
You are too confused!
It was a potion of cancellation.
Your magical effects are unravelling.
You feel magically purged.
You feel less confused.
The orc wizard points at you and mumbles some strange words.
You resist with some effort.
Okay, then.
You close the door.
The orc priest calls down the wrath of Beogh upon you.
Beogh smites you!
You die...

##### ####### ....# #.....#
....# #.....# ....#
######### #.....# ..###
#.......# #.....# #.#
#.......# #.....#
#o#######.......# #.....#
...o...##.......######.....#
...o....+.......@.........>#
..####..#..o^...######.....#
#.# ##.#.o..(..# #####.# ###
#.#####.#o......# #....# #.#
#........#####.## #.######.#
#######..# #.# #.<......#
#..## #.# #####.#####..##
#######...####.#
#..............
#.......#.#.##.#
#####..####...#


You could see an orc priest, an orc wizard and an orc.

Vanquished Creatures
  An ice beast (D:3)
  A necrophage (D:4)
  2 ogres
  Blork the orc (D:5)
  An orc priest (D:5)
  2 bullfrog zombies (D:5)
  A jelly (D:5)
  2 hounds
  A centaur skeleton (D:5)
  Natasha (D:2)
  An iguana (D:5)
  2 orc wizards
  Robin (D:4)
  7 adders
  A shadow imp (D:5)
  2 white imps (D:5)
  An ufetubus (D:5)
  A worm (D:4)
  6 orcs
  13 ball pythons
  7 endoplasms
  5 giant cockroaches
  12 hobgoblins
  3 jackals (D:4)
  3 kobolds
  5 quokkas
  6 bats
  4 frilled lizards
  18 goblins
  9 rats
120 creatures vanquished.

Vanquished Creatures (collateral kills)
  2 orcs (D:5)
2 creatures vanquished.

Vanquished Creatures (others)
  A plant (D:4)
1 creature vanquished.

Grand Total: 123 creatures vanquished

Notes
Turn   | Place    | Note
-------+----------+-------------------------------------------
     0 | D:1      | bnorton916 the Barachi Ice Elementalist began the quest for
                  | the Orb.
     0 | D:1      | Reached XP level 1. HP: 13/13 MP: 3/3
   132 | D:1      | Reached skill level 5 in Ice Magic
   201 | D:1      | Reached XP level 2. HP: 19/19 MP: 0/5
  1837 | D:1      | Found a faded altar of an unknown god.
  2017 | D:2      | Reached XP level 3. HP: 17/24 MP: 2/7
  2030 | D:1      | Learned a level 3 spell: Frozen Ramparts
  2034 | D:1      | Learned a level 3 spell: Ozocubu's Armour
  2208 | D:2      | You fall into a shaft and drop 2 floors!
  2208 | D:4      | Found a staircase to the Ecumenical Temple.
  2216 | Temple   | Entered the Ecumenical Temple
  2362 | D:4      | Noticed a steam dragon
  2743 | D:2      | Noticed Natasha
  2751 | D:2      | Killed Natasha
  2752 | D:2      | Reached skill level 1 in Armour
  2752 | D:2      | Reached XP level 4. HP: 18/30 MP: 1/8
  2985 | D:2      | Identified the +3 buckler of the Ecumenical Temple {rElec
                  | rF+}
  3212 | D:3      | Found a bloodstained altar of Trog.
  3254 | D:3      | Found a broken altar of Ashenzari.
  3288 | D:3      | Noticed an ogre
  3301 | D:3      | Reached XP level 5. HP: 5/35 MP: 0/9
  3302 | D:3      | Killed an ogre
  3303 | D:3      | Reached skill level 1 in Shields
  3872 | D:3      | Reached XP level 6. HP: 41/41 MP: 6/10
  4429 | D:3      | Found an ornate altar of the Wu Jian Council.
  4447 | D:3      | Found a basalt altar of Yredelemnul.
  4448 | D:3      | Noticed an ice beast
  4459 | D:3      | Killed an ice beast
  4523 | D:3      | Found a stormy altar of Qazlal.
  4619 | D:3      | Found a burning altar of Makhleb.
  4944 | D:4      | Noticed Menkaure
  4951 | D:4      | Learned a level 2 spell: Call Imp
  5367 | D:4      | Noticed Robin
  5367 | D:4      | Noticed a necrophage
  5376 | D:4      | Killed Robin
  5380 | D:4      | Killed a necrophage
  5381 | D:4      | Reached skill level 1 in Summonings
  5381 | D:4      | Reached XP level 7. HP: 29/46 MP: 1/11
  5697 | D:4      | Found a white marble altar of Elyvilon.
  5993 | D:5      | Entered Level 5 of the Dungeon
  6017 | D:5      | Found Metzesoalo's Lightly-Used Armoury.
  6179 | D:5      | Reached skill level 5 in Dodging
  6748 | D:5      | Noticed Blork the orc
  6934 | D:5      | Killed Blork the orc
  7592 | D:5      | Reached XP level 8. HP: 52/52 MP: 8/12
  7673 | D:5      | Reached skill level 5 in Summonings
  7939 | D:5      | Killed from afar by an orc priest

Illustrated notes

Levels and vault maps discovered:
D:1:      amcnicky_arrival_gap_in_the_tavern_cellar, layout_rooms,
          shapermc_ecumenical_altar_flowoftime, minmay_misc_feat_room,
          amcnicky_mini_corridor_feature
D:2:      layout_loops_ring, serial_aquarium, aquarium_bridge_square
          [aquarium_subvault_balcony, aquarium_subvault_bridge,
          aquarium_subvault_bridge, aquarium_subvault_wall],
          aquarium_bridge_square [aquarium_subvault_wall,
          aquarium_subvault_window, aquarium_subvault_wall,
          aquarium_subvault_bridge], aquarium_window_1, aquarium_window_1,
          aquarium_view_2e, aquarium_view_2e, uniq_natasha
D:3:      layout_basic, mainiacjoe_overflow_paths,
          nicolae_qazlal_eye_of_the_storm, mainiacjoe_overflow_surrounded_room,
          mainiacjoe_overflow_six_doors_small, marbit_many_paths,
          nzn_wu_jian_contemplation, minmay_starry_boxes
D:4:      kennysheep_goblin_castle, layout_loops_ring,
          mainiacjoe_overflow_boulevard, minmay_temple_entry_gardened_gates,
          uniq_menkaure
D:5:      layout_basic, minmay_shop_damaged, minmay_misc_feat_columns,
          uniq_blork_the_orc
Temple:   eino_temple_lava

Skill      XL: |  1  2  3  4  5  6  7  8 |
---------------+-------------------------+-----
Ice Magic      | 5 |  5.6
Spellcasting   | 3 |  3.2
Armour         | 1 2 3 4 |  4.0
Dodging        | 3 4 5 |  5.0
Shields        | 2 3 4 |  4.0
Summonings     | 1 4 5 |  5.8
Stealth        | |  1.7

Action                   |  1- 3 |  4- 6 |  7- 9 || total
-------------------------+-------+-------+-------++-------
Melee: Dagger            |     1 |    40 |    45 ||    86
       Punch             |       |     1 |       ||     1
       Mace              |       |       |    36 ||    36
 Cast: Freeze            |    52 |    18 |     8 ||    78
       Frozen Ramparts   |     3 |    14 |    14 ||    31
       Ozocubu's Armour  |     1 |     2 |    11 ||    14
       Call Imp          |       |       |     1 ||     1
 Abil: Hop               |       |       |     1 ||     1
Evoke: Wand              |       |     5 |     4 ||     9
  Use: Scroll            |       |       |     1 ||     1
       Potion            |       |       |     1 ||     1
 Stab: Sleeping          |       |     1 |       ||     1
Armor: Robe              |    10 |     8 |       ||    18
       Leather armour    |       |    16 |    39 ||    55
Dodge: Dodged            |    43 |    74 |    56 ||   173
Block: Buckler           |       |     6 |    37 ||    43
